 Dungeon Crawl Stone Soup version 0.29-a0-1023-g6ae1a4a2c7 (webtiles) character file.

Game seed: 17570460455844910235

49 Pooter the Caller (level 3, -5/14 HPs)
             Began as a Felid Summoner on Aug 11, 2022.
             Slain by Natasha (8 damage)
             ... on level 2 of the Dungeon.
             The game lasted 00:11:34 (1643 turns).

Pooter the Caller (Felid Summoner)                  Turns: 1643, Time: 00:11:35

Health: -5/14      AC:  1    Str:  4    XL:     3   Next: 51%
Magic:  2/8        EV: 17    Int: 18    God:
Gold:   52         SH:  0    Dex: 16    Spells: 2/8 levels left
                                        Lives:  0   Deaths: 0

rFire   . . .      SeeInvis +   (weapon unavailable)
rCold   . . .      Faith    .   (shield unavailable)
rNeg    . . .      Spirit   .   (body armour unavailable)
rPois   .          Reflect  .   (helmet unavailable)
rElec   .          Harm     .   (cloak unavailable)
rCorr   .          Rampage  .   (gloves unavailable)
Will    .....                   (boots unavailable)
Stlth   ++........              (no amulet)
HPRegen 0.04/turn               (no ring)
MPRegen 0.11/turn               (no ring)

@: very slightly contaminated, quick
A: very small, claws 1, fangs 3, see invisible, speed 1, shaggy fur 1, stealthy
paws, no weapons or thrown items, no armour, multi-lived
a: no special abilities


You were on level 2 of the Dungeon.
You visited 1 branch of the dungeon, and saw 2 of its levels.

You collected 52 gold pieces.

Inventory:

Scrolls
 e - a scroll of amnesia
 f - a scroll of teleportation {unknown}
Potions
 a - a potion of magic
 b - 2 potions of berserk rage
 c - a potion of heal wounds {@q2}
 d - a potion of brilliance {unknown}


   Skills:
 - Level 2.6 Dodging
 - Level 2.6 Stealth
 + Level 3.0 Spellcasting
 + Level 4.7 Summonings


You had 2 spell levels left.
You knew the following spells:

 Your Spells              Type           Power      Damage    Failure   Level
a - Summon Small Mammal   Summ           76%        N/A       2%          1
b - Call Imp              Summ           19%        N/A       3%          2
c - Call Canine Familiar  Summ           19%        N/A       7%          3

Your spell library contained the following spells:

 Spells                   Type           Power      Damage    Failure   Level
 Summon Guardian Golem    Hex/Summ       11%        N/A       19%         3
 Ignite Poison            Fire/Tmut/Pois 2%         N/A       43%         3
 Mephitic Cloud           Conj/Pois/Air  2%         N/A       43%         3
 Summon Lightning Spire   Summ/Air       11%        N/A       52%         4
 Freezing Cloud           Conj/Ice/Air   1%         6-21      99%         5


Dungeon Overview and Level Annotations

Branches:
Dungeon (2/15)

Altars:

Annotations:
D:2 Natasha


Innate Abilities, Weirdness & Mutations

You have sharp claws.
You have razor-sharp teeth.
You have supernaturally acute eyesight. (SInv)
You cover ground quickly. (Speed+)
You are covered in fur. (AC +1)
Your paws help you pounce on unaware monsters.
You are incapable of wielding weapons or throwing items.
You cannot wear armour.
You gain extra lives every three experience levels.


Message History

There is an open door here.
A hobgoblin comes into view.
What are your orders? t - Meow!
Orders for allies: a - Attack new target. r - Retreat! s - Stop attacking. g - Guard the area. f - Follow me.
Anything else - Cancel.
Gang up on whom?
Aim: a hobgoblin (asleep, ally target) Attack!
The hobgoblin shouts!
You swap places.
Your hound barely misses the hobgoblin.
Your hound barely misses the hobgoblin.
The hobgoblin misses your hound.
Your hound bites the hobgoblin but does no damage.
The hobgoblin hits your hound.
Your hound bites the hobgoblin.
Your hound bites the hobgoblin but does no damage.
The hobgoblin hits your hound.
Your hound bites the hobgoblin.
The hobgoblin dies!
Your Spellcasting skill increases to level 3!
Your hound disappears in a puff of smoke!
Done exploring.
You open the door.
There is an open door here.
There is an open door here.
There is an open door here.
There is a stone staircase leading down here.
You climb downwards.
Natasha hisses angrily.
The endoplasm quivers.
There is a stone staircase leading up here.
You miscast Call Canine Familiar.
You are very lightly contaminated with residual magic.
Nothing appears to happen.
* * * LOW MAGIC WARNING * * *
Natasha claws you.
You scratch Natasha. Natasha closely misses you. The endoplasm hits you.
* * * LOW HITPOINT WARNING * * *
You scratch Natasha but do no damage. Your hound misses Natasha.
Natasha completely misses you. The endoplasm freezes you.
You are frozen.
* * * LOW HITPOINT WARNING * * *
Your hound barely misses Natasha.
You scratch Natasha but do no damage. Your hound misses Natasha.
Natasha claws you!
Ouch! That really hurt!
You die...

.# .####
#######....
#........#
#........+
#........#..
#...hh......
#..J@......#
#..........#
#.....##....#
#....## ##..
#.... . #....
#.... #....


You could see Natasha (ally target), an endoplasm and a friendly hound
(summoned).

Vanquished Creatures
  2 ball pythons (D:1)
  A jackal (D:1)
  A bat (D:1)
  A rat (D:1)
5 creatures vanquished.

Vanquished Creatures (collateral kills)
  A gnoll (D:1)
  4 ball pythons (D:1)
  3 endoplasms (D:1)
  2 giant cockroaches (D:1)
  A hobgoblin (D:1)
  3 jackals (D:1)
  2 bats (D:1)
  4 frilled lizards (D:1)
  6 goblins (D:1)
  3 kobolds (D:1)
  A rat (D:1)
30 creatures vanquished.

Grand Total: 35 creatures vanquished

Notes
Turn   | Place    | Note
-------+----------+-------------------------------------------
     0 | D:1      | Pooter the Felid Summoner began the quest for the Orb.
     0 | D:1      | Reached XP level 1. HP: 7/7 MP: 4/4
    58 | D:1      | Reached XP level 2. HP: 11/11 MP: 0/6
    63 | D:1      | Learned a level 2 spell: Call Imp
   510 | D:1      | Reached XP level 3. HP: 11/14 MP: 8/8
   514 | D:1      | Learned a level 3 spell: Call Canine Familiar
  1638 | D:2      | Noticed Natasha
  1643 | D:2      | Slain by Natasha

Illustrated notes

Levels and vault maps discovered:
D:1:      lightli_arrival_windingriver, layout_basic
D:2:      layout_basic, hellmonk_ecumenical_altar_heavens_door, feat_on_display,
          uniq_natasha, uniq_jessica, uniq_sigmund

Skill      XL: |  1  2  3 |
---------------+----------+-----
Spellcasting   | 3 |  3.0
Dodging        | |  2.6
Stealth        | |  2.6
Summonings     | |  4.7

Action                   || total
-------------------------++-------
Melee: Unarmed           ||    37
       Bite              ||     1
 Cast: Summon Small Mamm ||    10
       Call Imp          ||     6
       Call Canine Famil ||     8
  Use: Scroll            ||     3
Armor: Skin              ||     4
Dodge: Dodged            ||    35

Table legend: (Time is in decaauts)
 A = Elapsed time spent in this place.
 B = Non-inter-level travel time spent in this place.
 C = Inter-level travel time spent in this place.
 D = Time resting spent in this place.
 E = Time spent auto-exploring this place.
 F = Levels seen in this place.
 G = Mean time per level.
                   A        B        C        D        E       F      G
               +--------+--------+--------+--------+--------+-----+--------+
         Total |   1502 |   1479 |     23 |    250 |    948 |   2 |  751.0 |
       Dungeon |   1502 |   1479 |     23 |    250 |    948 |   2 |  751.0 |
               +--------+--------+--------+--------+--------+-----+--------+

Top non-repeatable levels by time:
     D:1: 1497 daAuts
     D:2: 4 daAuts
